AoeStats
← 极地沙尘暴

Oasis

507306212Analyzed
4v4 RM · 14d ago on Sep 17, 2026· 33m 23s· 8 players
Game mode
Random Map
Map size
Large (8 player)
Population
200
Speed
Normal
Resources
Standard
Victory
Conquest
Starting age
Dark Age
Ending age
Imperial Age
RankedLock teamsTeams togetherTeam positionsShared explorationLock speedFull tech treeHidden civsTurbo modeCheats
Victory
Defeat
🇨🇳 Ethiopians · China
1422
+14
🇨🇳 Chinese · China
1344
+17
🇧🇷 Huns · Brazil
1307
+19
🇨🇳 Magyars · China
1283
+21
🇮🇳 Poles · India
1409
-19
🇨🇳 Jurchens · China
1380
-18
🇨🇳 Cumans · China
1380
-18
🇮🇳 Goths · India
1334
-16
Comrades of Kankidiot
10:53 Loom
13:35 Feudal Age
13:41 Man-at-Arms
14:31 Double-Bit Axe
15:17 Fletching
22:30 Castle Age
20:51 Horse Collar
21:26 Padded Archer Armor
22:34 Crossbowman
23:12 Bodkin Arrow
29:00 Wheelbarrow
28:50 Heavy Plow
29:05 Bow Saw
剃刀割猪头
6:47 Loom
8:46 Feudal Age
9:58 Double-Bit Axe
10:44 Town Watch
15:08 Horse Collar
20:48 Forging
21:47 Gold Mining
25:45 Castle Age
24:01 Fletching
26:08 Padded Archer Armor
26:21 Bloodlines
27:02 Bow Saw
27:06 Husbandry
28:44 Bodkin Arrow
Weary Sigh
6:45 Loom
9:13 Feudal Age
10:21 Double-Bit Axe
10:20 Horse Collar
15:35 Scale Barding Armor
16:13 Town Watch
22:09 Castle Age
20:29 Forging
20:59 Gold Mining
23:12 Bow Saw
23:04 Heavy Plow
23:35 Bloodlines
23:26 Husbandry
23:07 Light Cavalry
28:26 Wheelbarrow
31:11 Hand Cart
31:26 Szlachta Privileges
极地沙尘暴
6:23 Loom
8:52 Feudal Age
9:36 Double-Bit Axe
19:15 Castle Age
18:16 Wheelbarrow
17:45 Horse Collar
19:45 Bloodlines
20:32 Heavy Plow
20:47 Bow Saw
23:44 Scale Barding Armor
23:40 Scale Mail Armor
23:51 Forging
26:43 Hand Cart
29:44 Gold Mining
31:21 Gold Shaft Mining
31:36 Iron Casting
31:24 Chain Barding Armor
31:39 Iron Casting
34:56 Imperial Age
32:44 Steppe Husbandry
柠檬头的喜悦
6:23 Loom
9:08 Feudal Age
13:33 Fletching
18:29 Horse Collar
19:45 Padded Archer Armor
26:16 Castle Age
25:32 Gold Mining
27:20 Wheelbarrow
26:25 Crossbowman
27:16 Thumb Ring
28:04 Bodkin Arrow
29:13 Town Watch
29:17 Double-Bit Axe
30:13 Bow Saw
31:03 Ballistics
93老玩家回归
0:26 Loom
11:02 Feudal Age
13:33 Double-Bit Axe
24:04 Castle Age
22:32 Fletching
22:42 Padded Archer Armor
22:50 Gold Mining
23:21 Horse Collar
24:32 Crossbowman
25:17 Thumb Ring
25:51 Scale Mail Armor
26:01 Forging
25:19 Pikeman
26:40 Squires
29:07 Wheelbarrow
28:38 Arson
Dance with Ghost
9:06 Feudal Age
9:40 Double-Bit Axe
10:28 Horse Collar
18:15 Castle Age
16:42 Gold Mining
17:49 Fletching
18:37 Bloodlines
19:33 Bow Saw
19:35 Padded Archer Armor
19:38 Husbandry
22:28 Bodkin Arrow
25:04 Wheelbarrow
27:23 Ballistics
27:12 Thumb Ring
29:10 Leather Archer Armor
30:35 Loom
31:54 Hand Cart
送你一个极瘪
6:41 Loom
9:34 Feudal Age
11:05 Scale Mail Armor
11:13 Scale Barding Armor
13:47 Horse Collar
17:35 Bloodlines
21:42 Castle Age
20:42 Gold Mining
20:40 Double-Bit Axe
22:04 Light Cavalry
22:44 Husbandry
23:06 Chain Barding Armor
23:36 Gold Shaft Mining
26:28 Wheelbarrow
28:11 Town Watch
29:51 Bow Saw
Connection lost

Rejoining the realm…

Still unreachable

The connection could not be restored.

Session expired

The server has moved on; the page needs a fresh start.